 Dungeon Crawl Stone Soup version 0.20.0-15-g7f486f2 (webtiles) character file.

40 renl the Scratcher (level 3, -1/15 HPs)
             Began as a Felid Transmuter on July 6, 2017.
             Slain by Jessica
             ... wielding a +0 dagger
              (5 damage)
             ... on level 3 of the Dungeon.
             The game lasted 00:05:34 (1391 turns).

renl the Scratcher (Felid Transmuter)               Turns: 1391, Time: 00:05:34

Health: -1/15      AC:  1    Str:  6    XL:     3   Next: 30%
Magic:  0/7        EV: 18    Int: 15    God:
Gold:   73         SH:  0    Dex: 16    Spells: 0/6 levels left
                                        Lives:  0   Deaths: 0

rFire    . . .     SeeInvis +     - Unarmed
rCold    + . .     Gourm    .   (shield unavailable)
rNeg     . . .     Faith    .   (armour unavailable)
rPois    .         Spirit   .   (helmet unavailable)
rElec    .         Reflect  .   (cloak unavailable)
rCorr    .         Harm     .   (gloves unavailable)
MR       .....                  (boots unavailable)
Stlth    ++........             (no amulet)
Regen    0.1/turn               h - ring of protection from cold
MPRegen  0.1/turn               (no ring)

@: appendage, very slightly contaminated, quick
A: no armour, no weapons or thrown items, stealth, claws 1, fangs 3, horns 2,
see invisible, carnivore 3, speed 1, shaggy fur 1, slow metabolism 1, sharp paws
a: End Transformation


You were on level 3 of the Dungeon.
You were very full.
You had grown temporary horns.
You visited 1 branch of the dungeon, and saw 3 of its levels.

You collected 73 gold pieces.

Inventory:

Missiles
 a - 27 arrows
Jewellery
 h - a ring of protection from cold (left paw)
Scrolls
 e - a scroll of identify {unknown}
 f - 2 scrolls of remove curse {unknown}
 g - a scroll of amnesia {unknown}
 i - a scroll of blinking {unknown}
 k - a scroll of enchant weapon {unknown}
 l - 3 scrolls of immolation {unknown}
 m - a scroll of magic mapping {unknown}
Potions
 d - a potion of curing {unknown}
 j - a potion of might {unknown}
 o - a potion of heal wounds {unknown}
Books
 b - a book of Changes

   Spells                             Type                      Level
   a - Beastly Appendage              Transmutation                1
   b - Sticks to Snakes               Transmutation                2
   c - Spider Form                    Transmutation/Poison         3
   d - Ice Form                       Ice/Transmutation            4
   e - Blade Hands                    Transmutation                5
 p - a book of Necromancy

   Spells                             Type                      Level
   a - Pain                           Necromancy                   1
   b - Animate Skeleton               Necromancy                   1
   c - Vampiric Draining              Necromancy                   3
   d - Regeneration                   Charms/Necromancy            3
   e - Animate Dead                   Necromancy                   4
   f - Control Undead                 Necromancy                   4
Comestibles
 c - a meat ration
 n - a chunk of flesh


   Skills:
 + Level 1.0 Fighting
 + Level 2.9 Dodging
 + Level 0.8 Stealth
 * Level 4.0 Unarmed Combat
 - Level 2.0 Spellcasting
 * Level 2.5 Transmutations


You couldn't memorise any spells.
You knew the following spells:

 Your Spells              Type           Power        Failure   Level  Hunger
a - Beastly Appendage     Tmut           #.....       8%          1    #......
b - Sticks to Snakes      Tmut           #.......     12%         2    ###....
c - Spider Form           Tmut/Pois      #.........   36%         3    ###....


Dungeon Overview and Level Annotations

Branches:
Dungeon (2/15)

Altars:
Ashenzari
Okawaru

Annotations:
D:3 Jessica


Innate Abilities, Weirdness & Mutations

You cannot wear armour.
You are incapable of wielding weapons or throwing items.
Your paws allow you to move quietly. (Stealth)
You have sharp claws.
You have razor-sharp teeth.
You have supernaturally acute eyesight. (SInv)
You are carnivorous and can eat meat at any time.
You cover ground quickly.
You are covered in fur. (AC +1)
You have a slow metabolism.
Your sharp claws are effective at attacking unaware monsters.
You have a pair of horns on your head.


Message History

Jessica blinks!
You scratch Jessica.
Jessica is heavily wounded.
Jessica hits you with a dagger.
Casting: Spider Form
Confirm with . or Enter, or press ? or * to list all spells.
You grow a pair of large bovine horns.
Jessica points at you and mumbles some strange words.
Pain shoots through your body!
* * * LOW HITPOINT WARNING * * *
You closely miss Jessica. You headbutt Jessica.
Jessica is almost dead.
Jessica closely misses you.
You barely miss Jessica. Your headbutt misses Jessica.
Jessica is almost dead.
Jessica closely misses you.
You barely miss Jessica.
Jessica is almost dead.
Jessica hits you with a dagger.
You die...

..#.#.. ##..##
....... #.....
#.#.#. .###.###.
##....##.##..###.
......#.##..###.
#.#.#.#.##...#..
##.#..........#..
##@#........#.._..
#@###.....#.#..#.)
#....##
##.........#..
#.###
##.........###.
#.#......#...###.
#............###.
#.###.#.###......
#. #.#.###.....# #
#.#.....###..
#.#####.###.#


You could see Jessica.

Vanquished Creatures
  An ooze (D:1)
  2 worms (D:3)
  2 leopard geckos (D:1)
  2 giant cockroaches
  2 goblins
  3 hobgoblins
  7 kobolds
  3 bats
  3 frilled lizards
  A rat (D:1)
26 creatures vanquished.

Notes
Turn   | Place    | Note
-------+----------+-------------------------------------------
     0 | D:1      | renl the Felid Transmuter began the quest for the Orb.
     0 | D:1      | Reached XP level 1. HP: 9/9 MP: 4/4
   132 | D:1      | Reached XP level 2. HP: 12/12 MP: 4/6
   243 | D:1      | Learned a level 2 spell: Sticks to Snakes
   962 | D:2      | Reached XP level 3. HP: 14/15 MP: 7/7
   967 | D:2      | Learned a level 3 spell: Spider Form
  1061 | D:2      | Found an iron altar of Okawaru.
  1234 | D:2      | You fall through a shaft!
  1244 | D:3      | Found a shattered altar of Ashenzari.
  1325 | D:3      | Reached skill level 4 in Unarmed Combat
  1384 | D:3      | Noticed Jessica
  1391 | D:3      | Slain by Jessica

Skill      XL: |  1  2  3 |
---------------+----------+-----
Unarmed Combat | 4 |  4.0
Fighting       | |  1.0
Dodging        | |  2.9
Stealth        | |  0.8
Spellcasting   | |  2.0
Transmutations | |  2.5

Action                   || total
-------------------------++-------
Melee: Unarmed           ||    77
       Bite              ||     3
       Headbutt          ||     2
 Cast: Beastly Appendage ||     5
       Spider Form       ||     2
 Stab: Sleeping          ||     7
  Eat: Chunk             ||     8
Armor: Skin              ||     6
Dodge: Dodged            ||    50
